AAAAA, chaotic male elven Wizard # # ####a@# # -|-|- ---- |...| ....| |..<. |...| ----- AAAAA the Conjurer Experience level: 4 Strength: 10 Dexterity: 12 Constitution: 15 Intelligence: 19 Wisdom: 10 Charisma: 8 Health: 0(30) Energy: 51(51) Def: 1 Gold: 276 Moves: 1282 Dungeon seed: G2FW0EzpuHbQ6tNM Game ID: AAAAA_1584372540 Your Inventory: Coins $ - 276 gold pieces Weapons a - a blessed +1 quarterstaff (weapon in hands) q - a +0 bec de corbin t - a +1 orcish dagger v - a +0 elven spear Armor e - an uncursed +0 cloak of magic resistance (being worn) Scrolls i - 2 uncursed scrolls of identify j - an uncursed scroll of teleportation s - a blessed scroll of stinking cloud Spellbooks k - a blessed spellbook of force bolt l - an uncursed spellbook of light Potions g - a blessed potion of see invisible Rings c - an uncursed ring of teleportation d - an uncursed ring of poison resistance (on left hand) Wands b - a wand of striking (0:6) n - a wand of secret door detection (0:11) Tools p - a tinning kit (0:90) r - an uncursed pair of lenses (being worn) x - an uncursed tin opener Gems y - an uncursed worthless piece of yellowish brown glass Spells and supernatural/magical abilities: Name Level Category Fail Memory a - force bolt 1 attack 0% 94% l - light 1 divination 0% 94% W - pray for help -- divine ? -- Your skills at the end: Fighting Skills Weapon Skills quarterstaff [Basic] Spellcasting Skills attack spells [Basic] enchantment spells [Basic] Final Attributes: You were piously aligned. You were sleep resistant. You were poison resistant. You were magic-protected. You had infravision. You aggravated monsters. You were unlucky. Anhur was angry with you. You are dead. Vanquished creatures: a small mimic a kitten a werejackal 2 giant rats 2 goblins a sewer rat 4 grid bugs a bat a lichen a kobold zombie a newt 16 creatures vanquished. Voluntary challenges: You used a wielded weapon 20 times, starting on turn 60. You read items or engraved 1 time, starting on turn 618. You never genocided any monsters. You never polymorphed an object. You never changed form. You used no wishes. You never split a pudding. You never wrote Elbereth's name. You violated your moral code, losing 3 points of alignment, starting on turn 948. Dungeon overview: The Dungeons of Doom: levels 1 to 6 Level 1 a long staircase Level 2 a fountain, a sink Level 3 an altar to Anhur Level 4 a scroll shop, a fountain Level 5 Level 6 <- You were here History has recorded: On T:1 you entered the Dungeons of Doom to retrieve the Amulet of Yendor! On T:202 you reached level 2 of The Dungeons of Doom. On T:321 you reached level 3 of The Dungeons of Doom. On T:566 you advanced to experience level 2. On T:687 you reached level 4 of The Dungeons of Doom. On T:772 you advanced to experience level 3. On T:1229 you reached level 5 of The Dungeons of Doom. On T:1258 you advanced to experience level 4. On T:1262 you reached level 6 of The Dungeons of Doom. Score breakdown: Gold: 276 ( 8308 points) Experience: 4 levels ( 9649 points) Exploration: 6 levels ( 12.24%) ( 9682 points) Discoveries: 1 item ( 0.36%) ( 1802 points) Valuables value: (no points given unless you survive) Artifact value: 0 ( 0 points) Variety of kills: 11 monsters ( 2.89%) ( 5097 points) Turncount: 1282 turns ( 0 points) Survival: died (score multiplied by 80%) Total score: 27630 Latest messages: The giant rat bites! You miss the giant rat. The giant rat just misses! Ooph! This tastes like liquid fire! The giant rat bites! Yecch! This stuff tastes like poison. (But in fact it was biologically contaminated slime mold juice.) You break out in hives. You kill the giant rat! Welcome to experience level 4. You feel awake! Your head is spinning too badly to explore. The door opens. You feel less confused now. You stop exploring. You miss the giant ant. The giant ant bites! You miss the giant ant. The giant ant bites! (4x) You die... Final status: Goodbye AAAAA the Wizard, killed by a giant ant... You died in The Dungeons of Doom on dungeon level 6 with 27630 points, and 276 pieces of gold, after 1282 moves. You were level 4 with a maximum of 30 hit points when you died.